 Dungeon Crawl Stone Soup version 0.14-a0-2071-g7172c92 (webtiles) character file.

4851 RedPan the Covert (level 10, 0/44 HPs)
             Began as a Spriggan Enchanter on Jan 23, 2014.
             Was a High Priest of Nemelex Xobeh.
             Killed by divine providence
             ... invoked by an orc priest
              (16 damage)
             ... on Level 10 of the Dungeon.
             The game lasted 00:58:32 (10910 turns).

RedPan the Covert (Spriggan Enchanter)             Turns: 10910, Time: 00:58:33

HP   0/44        AC  9     Str  7      XL: 10   Next: 13%
MP  25/26        EV 27     Int 17      God: Nemelex Xobeh [*****.]
Gold 482         SH  0     Dex 17      Spells:  3 memorised, 13 levels left

rFire  + . .     SeeInvis +     B - +2,+1 orc dagger (venom)
rCold  . . .     Clarity  .     b - +1 robe
rNeg   . . .     Conserve .     (shield restricted)
rPois  .         rCorr    +     (helmet restricted)
rElec  .         rRot     .     p - +0 cloak
SustAb . .       Spirit   .     (gloves unavailable)
rMut   .         Warding  .     (boots unavailable)
Saprov . . .     Stasis   .     t - amulet of resist corrosion
MR     +....                    O - +5 ring of protection
                                L - ring of protection from fire

@: very quick, somewhat resistant to hostile enchantments, extremely stealthy
A: unfitting armour, see invisible, herbivore 3, speed 3, slow metabolism 2
a: Draw One, Peek at Two, Triple Draw, Deal Four, Stack Five, Renounce Religion


You were on level 10 of the Dungeon.
You worshipped Nemelex Xobeh.
Nemelex Xobeh was extremely pleased with you.
You were not hungry.

You visited 2 branches of the dungeon, and saw 11 of its levels.

You collected 482 gold pieces.

Inventory:

Hand weapons
 d - a +0 blowgun
 B - a +2,+1 orcish dagger of venom (weapon)
Missiles
 w - 6 curare-tipped needles
Armour
 b - a +1 robe (worn)
 p - a +0 cloak (worn)
Magical devices
 I - a wand of fireball (9)
Comestibles
 a - a choko
 h - 7 bread rations
 j - an orange
 l - 8 pears
 m - a rambutan
 T - 5 cheeses
Scrolls
 n - a scroll of magic mapping
 o - a scroll of acquirement {unknown}
 r - 2 scrolls of enchant weapon II
 u - 2 scrolls of teleportation
 v - a scroll of immolation
 A - 3 scrolls of fog
 E - 2 scrolls of enchant armour
 G - 8 scrolls of remove curse
 K - 3 scrolls of amnesia
 M - a scroll of identify
Jewellery
 k - an uncursed ring of fire
 t - an amulet of resist corrosion (around neck)
 y - an uncursed ring of magical power
 L - a ring of protection from fire (left hand)
 O - a +5 ring of protection (right hand)
 Q - a +6 ring of intelligence
Potions
 e - a potion of porridge
 f - 2 potions of brilliance
 g - a potion of invisibility
 q - 2 potions of agility
 s - a potion of magic
 z - 5 potions of curing
 C - a potion of lignification {unknown}
 D - a potion of might {unknown}
 F - 2 potions of heal wounds
 H - 2 potions of berserk rage {unknown}
 J - a potion of resistance {unknown}
Books
 c - a book of Maledictions

   Spells                             Type                      Level
   *Corona                            Hexes                        1
   Sure Blade                         Hexes/Charms                 2
   *Ensorcelled Hibernation           Hexes/Ice                    2
   *Confuse                           Hexes                        3
   Enslavement                        Hexes                        4
   Invisibility                       Hexes                        6
Miscellaneous
 i - a legendary deck of summonings {drawn: 1}
 S - a legendary deck of summonings {drawn: 4}


   Skills:
 - Level 8.0 Short Blades
 - Level 1.1 Throwing
 - Level 11.0 Dodging
 - Level 12.2 Stealth
 - Level 5.0 Spellcasting
 + Level 7.9 Hexes


You had 13 spell levels left.
You knew the following spells:

 Your Spells              Type           Power        Failure   Level  Hunger
a - Corona                Hex            ####...      1%          1    None
b - Ensorcelled Hibernat  Hex/Ice        ###...       4%          2    #......
c - Confuse               Hex            ####....     1%          3    ###....


Dungeon Overview and Level Annotations

Branches:
Dungeon (10/16)            Temple (1/1) D:4            Lair (0/8) D:10
    Orc: D:9-12

Altars:
Ashenzari
Cheibriados
Dithmengos
Elyvilon
Fedhas
Kikubaaqudgha
Makhleb
Nemelex Xobeh
Okawaru
Sif Muna
Trog
Vehumet
Xom
Yredelemnul
Zin
the Shining One


Innate Abilities, Weirdness & Mutations

You are tiny and cannot use many weapons and most armour.
You have supernaturally acute eyesight.
You are a herbivore.
You cover ground extremely quickly.
You need consume almost no food.


Message History

Aim: an orc priest, wielding an orcish club and wearing an orcish ring mail (moderately wounded, poisoned)
The orc priest looks drowsy...
The helpless orc priest fails to defend itself.
You cut the orc priest into ribbons!!!!
You kill the orc priest!
The orc wizard shouts!
Things that are here:
an orcish mace; an orcish scale mail; an orc corpse You offer a prayer to Nemelex Xobeh.
The orcish mace disappears without a glow.
The orcish scale mail glows slightly and disappears.
The orc corpse glows slightly and disappears.
Nemelex Xobeh is extremely pleased with you.
You barely miss the orc wizard.
The orc wizard points at you and mumbles some strange words.
The magic dart hits you!
The orc priest invokes the aid of Beogh against you.
Something smites you!
You die...
Your body glows with a rainbow of weird colours and disappears.

...###.# ...+.... ...# #.#
.o..+.... ######'## ####''####...
#.......# ######..o.......##++#
+.......#####....o...<......##..#
#.......##......o#..........##..#
#.......'.....#).#..........##..#
#.......##.####..#..........'....
#.......##.# #.@#..........#.###
#.......##+####.<#..........#+# #
#............##..###..........
#............##..# #.≈≈≈≈≈......
#............##..# #.≈≈≈≈≈......
'............##..# #.≈###≈......
#............+.... .≈ #≈.....
#............+.... #≈...
#............#####


You could see an orc priest and an orc wizard.

Vanquished Creatures
  A two-headed ogre (D:9)
  A hungry ghost (D:9)
  Edmund (D:6)
  An ice beast (D:6)
  A phantom (D:9)
  2 orc warriors
  3 black bears
  4 sky beasts
  2 ogres
  3 centaurs
  A giant frog (D:6)
  2 big kobolds (D:8)
  An eye of draining (D:8)
  2 killer bees (D:10)
  2 goliath beetles (D:6)
  A troll skeleton (D:7)
  6 crimson imps
  5 hounds
  2 jellies
  3 orc priests
  3 iguanas
  5 orc wizards
  5 scorpions
  8 worker ants
  A sheep (D:8)
  Ijyb (D:6)
  A hound zombie (D:5)
  A worker ant zombie (D:8)
  8 adders
  A gnoll (D:8)
  A green rat (D:10)
  3 giant mites
  3 worms
  An adder skeleton (D:5)
  2 giant eyeballs (D:4)
  5 giant geckos
  3 oozes
  28 orcs
  10 hobgoblins
  10 kobolds
  6 quokkas
  A ball python (D:5)
  13 bats
  6 giant cockroaches
  6 giant newts
  11 goblins
  2 hobgoblin skeletons
  A kobold skeleton (D:8)
  A kobold zombie (D:6)
  17 rats
208 creatures vanquished.

Vanquished Creatures (collateral kills)
  A hydra (D:8)
  2 yaks (D:8)
  An orc warrior (D:8)
  A big kobold (D:8)
  A gnoll sergeant (D:8)
  A crimson imp (D:6)
  A centaur skeleton (D:9)
  An orc wizard (D:8)
  An orc priest (D:8)
  A sheep (D:8)
  2 gnolls (D:8)
  A giant mite (D:6)
  2 orcs (D:8)
  A quokka (D:6)
17 creatures vanquished.

Vanquished Creatures (others)
  2 dancing weapons (D:6)
  A quasit (D:6)
  An orc (D:6)
4 creatures vanquished.

Grand Total: 229 creatures vanquished

Notes
Turn   | Place    | Note
--------------------------------------------------------------
     0 | D:1      | RedPan, the Spriggan Enchanter, began the quest for the Orb.
     0 | D:1      | Reached XP level 1. HP: 9/9 MP: 4/4
   393 | D:1      | Reached XP level 2. HP: 13/13 MP: 7/7
   397 | D:1      | Learned a level 2 spell: Ensorcelled Hibernation
  1472 | D:2      | Reached XP level 3. HP: 4/16 MP: 9/9
  1677 | D:2      | Learned a level 3 spell: Confuse
  2233 | D:3      | Reached skill level 4 in Stealth
  2269 | D:3      | Found a blossoming altar of Fedhas.
  2269 | D:3      | Noticed a centaur
  2498 | D:3      | Killed a centaur
  2498 | D:3      | Reached skill level 5 in Stealth
  2498 | D:3      | Reached XP level 4. HP: 9/21 MP: 6/12
  2840 | D:3      | Reached XP level 5. HP: 24/24 MP: 14/14
  3242 | D:4      | Reached skill level 6 in Stealth
  3364 | D:4      | Found a staircase to the Ecumenical Temple.
  3379 | Temple   | Entered the Ecumenical Temple
  3484 | Temple   | Became a worshipper of Nemelex Xobeh
  3498 | D:4      | Received a gift from Nemelex Xobeh
  3640 | D:4      | Reached XP level 6. HP: 28/28 MP: 17/17
  4044 | D:4      | Reached skill level 7 in Stealth
  4152 | D:4      | Paralysed by a giant eyeball for 3 turns
  4175 | D:4      | Acquired Nemelex Xobeh's first power
  4318 | D:5      | Entered Level 5 of the Dungeon
  4401 | D:5      | Reached skill level 5 in Short Blades
  4703 | D:5      | Received a gift from Nemelex Xobeh
  4720 | D:5      | Acquired Nemelex Xobeh's second power
  4722 | D:5      | HP: 1/28 [boring beetle[the player character] (27)]
  4919 | D:5      | Reached skill level 8 in Stealth
  5455 | D:6      | Reached XP level 7. HP: 32/32 MP: 17/21
  5514 | D:6      | Noticed Edmund
  5552 | D:6      | Killed Edmund
  5803 | D:6      | Reached skill level 5 in Dodging
  5803 | D:6      | Reached skill level 5 in Spellcasting
  6453 | D:6      | Acquired Nemelex Xobeh's third power
  6459 | D:6      | Received a gift from Nemelex Xobeh
  6462 | D:6      | Reached XP level 8. HP: 36/36 MP: 9/24
  6825 | D:5      | Reached skill level 9 in Dodging
  6946 | D:6      | Noticed a komodo dragon
  7009 | D:6      | Noticed Ijyb
  7013 | D:6      | Killed Ijyb
  7344 | D:6      | Reached skill level 10 in Dodging
  7890 | D:7      | Reached skill level 11 in Dodging
  8173 | D:8      | Acquired Nemelex Xobeh's fourth power
  8173 | D:8      | Received a gift from Nemelex Xobeh
  8245 | D:8      | Found a snail-covered altar of Cheibriados.
  8401 | D:8      | Reached XP level 9. HP: 39/39 MP: 25/25
  8447 | D:8      | Reached skill level 10 in Stealth
  8512 | D:8      | Noticed a three-headed hydra
  8522 | D:8      | Killed a three-headed hydra
  8623 | D:8      | Found an ancient bone altar of Kikubaaqudgha.
  8626 | D:8      | Found a shadowy altar of Dithmengos.
  8627 | D:8      | Found a bloodstained altar of Trog.
  8758 | D:8      | Acquired Nemelex Xobeh's fifth power
  9050 | D:8      | Reached skill level 5 in Hexes
  9311 | D:9      | Received a gift from Nemelex Xobeh
  9708 | D:9      | Reached skill level 12 in Stealth
  9788 | D:9      | Reached XP level 10. HP: 44/44 MP: 16/26
  9944 | D:9      | Received a gift from Nemelex Xobeh
 10191 | D:10     | Entered Level 10 of the Dungeon
 10215 | D:10     | Found a staircase to the Lair.
 10910 | D:10     | Killed from afar by an orc priest

Action                   |  1- 3 |  4- 6 |  7- 9 | 10-12 || total
-------------------------+-------+-------+-------+-------++-------
Melee: Dagger            |   117 |   124 |   341 |   100 ||   682
 Cast: Ensorcelled Hiber |     4 |    18 |   103 |    15 ||   140
       Confuse           |       |     1 |     3 |     4 ||     8
Invok: Draw One          |       |     5 |    21 |     6 ||    32
Evoke: Wand              |       |     1 |       |     1 ||     2
  Use: Scroll            |       |     9 |     7 |     4 ||    20
       Potion            |       |       |       |     2 ||     2
 Stab: Sleeping          |    15 |    32 |    63 |     8 ||   118
       Distracted        |       |     1 |     1 |       ||     2
       Confused          |       |       |     3 |       ||     3
       Betrayed ally     |       |       |     1 |       ||     1
